Map: Deathaura LE

Players

AfreecaDRG (DRG)

  • Race: Zerg Zerg
  • League: Grandmaster
  • Spawn Location: 11:00

INnoVation - Winner!

  • Race: Terran Terran
  • League: Grandmaster
  • Spawn Location: 5:00

Event: ASUS ROG Online 2020

VOD

Have the link to the VOD?

Description

Time

  • Played on: Nov. 28, 2020, 3:03 p.m.
  • Length: 11:23

All games in this series

Show
View Real Time Build Order
Export as new Build Order

AfreecaDRG Zerg 

Build Orders: Hatch First, Muta Ling Bane 

Get SALT Encoding   

  12  0:00  Drone  
  13  0:12  Overlord  
  13  0:16  Drone  
  14  0:30  Drone x2  
  16  0:47  Hatchery  
  15  0:50  Drone  
  15  0:54  Drone  
  17  0:57  Drone  
  18  1:08  Extractor  
  17  1:13  Spawning Pool  
  17  1:15  Drone  
  17  1:20  Drone  
  18  1:27  Drone  
  19  1:38  Drone  
  20  1:49  Drone  
  21  1:59  Queen x2  
  21  2:00  Zergling x4  
  27  2:10  Overlord  
  27  2:11  Drone  
  28  2:19  Hatchery  
  28  2:22  Drone  
  28  2:28  Drone  
  29  2:31  Drone  
  29  2:32  Drone  
  31  2:39  Queen  
  33  2:44  Overlord  
  33  2:47  Drone  
  33  2:49  Metabolic Boost  
  34  2:53  Drone  
  34  2:54  Drone  
  36  3:03  Overlord  
  36  3:04  Drone  
  37  3:06  Drone x2  
  37  3:09  Drone  
  40  3:14  Drone  
  40  3:16  Queen  
  43  3:20  Drone  
  43  3:25  Drone  
  46  3:27  Drone  
  46  3:32  Queen  
  48  3:36  Drone  
  48  3:37  Drone  
  48  3:39  Drone x4  
  54  3:42  Queen  
  54  3:46  Evolution Chamber  
  56  3:48  Overlord  
  56  3:51  Drone x2  
  56  3:53  Overlord  
  58  4:02  Overlord  
  58  4:06  Queen  
  58  4:07  Drone  
  61  4:12  Drone x6  
  61  4:14  Drone x2  
  61  4:16  Drone x2  
  70  4:21  Evolution Chamber x2  
  70  4:22  Extractor  
  67  4:27  Drone  
  67  4:28  Drone  
  67  4:29  Drone  
  70  4:31  Drone  
  70  4:32  Drone x2  
  70  4:37  Drone  
  70  4:38  Drone  
  75  4:40  Overlord  
  75  4:45  Overlord  
  75  4:46  Drone x2  
  75  4:48  Zerg Ground Armor Level 1, Zerg Melee Weapons Level 1  
  75  4:49  Drone x2  
  75  4:51  Drone  
  80  4:54  Drone  
  80  4:57  Overlord  
  80  4:58  Extractor  
  80  4:59  Extractor  
  79  5:00  Drone  
  79  5:01  Drone  
  79  5:04  Lair  
  79  5:06  Drone  
  79  5:07  Drone  
  83  5:10  Extractor, Hatchery  
  83  5:11  Extractor, Drone x2  
  82  5:14  Baneling Nest  
  82  5:16  Drone x4  
  85  5:23  Zergling x4  
  85  5:26  Spore Crawler  
  85  5:28  Zergling x14  
  87  5:35  Zergling x4  
  95  5:42  Overlord  
  95  5:46  Overlord  
  95  5:47  Zergling x8  
  99  5:52  Zergling x2  
  99  5:56  Zergling x8  
  104  6:01  Overlord  
  104  6:02  Centrifical Hooks  
  104  6:04  Baneling  
  104  6:05  Spire, Baneling x7  
  104  6:06  Zergling x6  
  106  6:12  Zergling x6  
  106  6:18  Zergling x4  
  111  6:21  Queen  
  112  6:26  Drone x2  
  112  6:30  Drone x2  
  116  6:34  Drone x4  
  116  6:39  Overlord  
  120  6:41  Zergling x2  
  120  6:42  Zergling x6, Zerg Melee Weapons Level 2, Zerg Ground Armor Level 2  
  120  6:44  Zergling x4  
  120  6:47  Extractor  
  124  6:50  Zergling x4  
  125  6:54  Zergling x12  
  125  7:00  Zergling x6  
  132  7:04  Zergling x2  
  132  7:08  Zergling x14  
  132  7:11  Baneling x4  
  132  7:13  Zergling x2  
  131  7:17  Zergling x2  
  131  7:21  Zergling x10  
  135  7:23  Baneling x6  
  135  7:24  Hatchery  
  135  7:25  Zergling x8  
  101  7:37  Zergling x8  
  101  7:41  Zergling x2  
  101  7:43  Zergling x2  
  106  7:46  Zerg Flyer Weapons Level 1  
  106  7:47  Zergling x10  
  106  7:48  Baneling x6  
  111  7:51  Zergling x18  
  119  7:59  Zergling x2  
  119  8:00  Zergling x4  
  119  8:03  Overlord  
  122  8:05  Baneling  
  122  8:06  Baneling x3  
  122  8:07  Overlord x2  
  122  8:11  Zergling x2  
  122  8:12  Zergling x6  
  124  8:15  Zergling x2  
  124  8:17  Baneling x6  
  126  8:20  Zergling x20  
  126  8:23  Zergling x2  
  127  8:30  Zergling x4  
  127  8:32  Baneling x3  
  115  8:37  Zergling x6  
  115  8:38  Queen x2  
  115  8:40  Zergling x6  
  108  8:43  Zergling x6, Queen  
  103  8:48  Zergling x8  
  103  8:49  Zergling x10  
  103  8:51  Baneling x3  
  103  8:54  Zergling x6  
  103  9:03  Zergling x4  
  103  9:05  Zergling x2  
  94  9:14  Zergling x4, Queen x2  
  94  9:16  Zergling x10  
  97  9:17  Queen  
  97  9:19  Queen  
  97  9:23  Baneling x6  
  97  9:24  Zergling x10  
  105  9:28  Zergling x6  
  108  9:34  Drone x3  
  111  9:39  Drone x3  
  114  9:47  Overlord  
  114  9:56  Mutalisk x5  
  123  10:00  Mutalisk  
  123  10:01  Mutalisk  
  123  10:02  Hatchery  
  126  10:07  Mutalisk x2  
  126  10:08  Mutalisk  
  126  10:10  Zergling x6  
  134  10:16  Mutalisk x3  
  138  10:24  Zergling x16  
  142  10:28  Mutalisk x2  
  142  10:31  Mutalisk x2  
  150  10:39  Zergling x14  
  156  10:45  Baneling x10  
  156  10:50  Zergling x6  
  156  10:51  Zergling x6  
  156  10:52  Baneling  
  156  10:53  Baneling x4  
  153  11:03  Zergling x2  
Show
View Real Time Build Order
Export as new Build Order

INnoVation Terran - Winner!

Build Orders: Reaper Expand 

Get SALT Encoding   

  12  0:00  SCV  
  13  0:12  SCV  
  14  0:16  Supply Depot  
  14  0:24  SCV  
  15  0:38  SCV  
  15  0:40  Barracks  
  16  0:43  Refinery  
  16  0:50  SCV  
  17  1:02  SCV  
  18  1:14  SCV  
  19  1:26  Orbital Command  
  19  1:27  Reaper  
  20  1:39  Command Center  
  20  1:48  Supply Depot  
  20  1:52  SCV  
  21  1:58  Marine  
  22  2:04  SCV  
  23  2:11  Factory  
  23  2:16  SCV  
  23  2:21  Barracks Reactor  
  24  2:28  SCV  
  25  2:40  SCV  
  25  2:42  Command Center  
  26  2:50  Orbital Command  
  26  2:52  SCV  
  27  3:02  Barracks Tech Lab, Hellion x2  
  32  3:05  SCV  
  32  3:17  SCV x2  
  34  3:21  Stimpack  
  34  3:22  Marine  
  34  3:24  Hellion x2  
  39  3:29  SCV  
  39  3:30  SCV  
  41  3:39  Marine  
  42  3:42  SCV x2  
  42  3:45  Refinery  
  44  3:52  Barracks  
  44  3:54  SCV  
  44  3:55  Factory Reactor  
  46  3:56  Orbital Command, SCV  
  46  3:57  Marine  
  46  3:59  Barracks  
  47  4:06  SCV  
  47  4:08  SCV  
  49  4:13  Engineering Bay x2  
  49  4:18  SCV  
  49  4:19  Marine  
  49  4:20  SCV  
  49  4:23  SCV  
  52  4:24  Refinery x2  
  52  4:28  Supply Depot  
  52  4:32  SCV x2  
  52  4:35  SCV  
  52  4:37  Starport  
  55  4:40  Marine x3  
  55  4:41  Factory Reactor  
  55  4:42  Orbital Command  
  55  4:45  Terran Infantry Weapons Level 1, SCV x2  
  60  4:47  Supply Depot  
  60  4:57  SCV x2  
  60  4:58  Supply Depot, Marine x2  
  60  4:59  Marine  
  64  5:00  Marine x2  
  64  5:03  Terran Infantry Armor Level 1  
  67  5:08  SCV  
  67  5:09  Supply Depot, SCV x2  
  70  5:20  Medivac x2, Marine  
  70  5:21  Marine  
  76  5:22  Factory Tech Lab, SCV x3  
  76  5:23  Marine x3  
  82  5:32  Supply Depot  
  82  5:33  Supply Depot  
  82  5:34  SCV x3  
  85  5:38  Marine  
  85  5:39  Marine  
  85  5:41  Marine x3  
  90  5:46  Combat Shield  
  90  5:47  Armory  
  90  5:52  SCV x3  
  93  5:57  Marine x2  
  93  5:59  Siege Tank, Marine x3  
  101  6:04  Barracks  
  101  6:05  Barracks  
  101  6:08  SCV x3  
  101  6:10  Supply Depot  
  104  6:11  Supply Depot  
  104  6:16  Marine  
  104  6:17  Marine x4  
  109  6:27  Refinery x2  
  109  6:32  Medivac, Siege Tank, SCV x3  
  117  6:33  Medivac  
  117  6:34  Supply Depot  
  117  6:36  Supply Depot  
  117  6:38  Marine  
  117  6:39  Marine x4  
  124  6:42  Terran Infantry Weapons Level 2  
  124  6:46  SCV  
  125  6:49  SCV x2  
  123  6:55  Barracks Reactor x2  
  123  6:56  Marine x2  
  123  6:57  Marine x3  
  128  7:01  Terran Infantry Armor Level 2  
  128  7:10  Siege Tank  
  128  7:13  SCV x3  
  128  7:14  Marine x2  
  128  7:15  Marine x3  
  138  7:16  Supply Depot x2  
  138  7:23  Factory  
  135  7:32  Medivac x2, Marine x3  
  135  7:34  Marine x2  
  123  7:38  Marine x4  
  125  7:45  Siege Tank  
  125  7:50  Marine x3  
  131  7:51  Marine x2  
  131  7:56  Command Center  
  131  7:57  SCV x3, Marine x3  
  131  7:58  Marine  
  140  8:05  Medivac x2  
  144  8:07  Marine  
  144  8:08  Marine x2  
  147  8:15  Marine x2  
  147  8:18  Factory Tech Lab, Siege Tank  
  152  8:24  Supply Depot  
  152  8:26  Supply Depot  
  152  8:28  Sensor Tower  
  152  8:31  Marine x6  
  152  8:32  Marine  
  146  8:35  Medivac x2  
  146  8:39  Siege Tank  
  132  8:42  Marine x2  
  129  8:49  Marine x4  
  129  8:50  Siege Tank  
  129  8:52  Terran Vehicle Weapons Level 1  
  136  8:56  Marine x3  
  136  9:00  Marine x2  
  140  9:06  Medivac x2, Marine  
  140  9:07  Marine x3  
  138  9:14  Marine x3  
  130  9:17  Siege Tank  
  130  9:18  SCV x3, Marine x2  
  134  9:24  Marine  
  134  9:25  Marine  
  134  9:30  SCV  
  137  9:36  Planetary Fortress  
  137  9:38  Marine x2  
  137  9:39  Marine  
  137  9:40  Marine  
  141  9:48  Marine x5  
  141  9:50  Siege Tank  
  141  9:52  Siege Tank  
  152  9:56  Marine x2  
  152  9:57  Barracks  
  152  9:58  Barracks  
  154  10:01  Barracks, Marine x2  
  154  10:03  Concussive Shells  
  154  10:05  SCV x3  
  154  10:06  Marine x5  
  164  10:09  Command Center  
  164  10:12  Supply Depot  
  164  10:13  Supply Depot  
  158  10:14  Medivac x2  
  158  10:17  SCV, Marine x2  
  158  10:19  Marine x2  
  167  10:23  Marine  
  167  10:24  Marauder, Marine x3  
  167  10:27  Thor  
  179  10:35  Missile Turret, Marine  
  180  10:36  Missile Turret  
  180  10:37  Thor  
  180  10:38  Missile Turret, SCV  
  180  10:39  Refinery, SCV x2  
  180  10:40  Refinery, Marine  
  180  10:41  Marine x3  
  180  10:42  Marine x3  
  195  10:45  Marine  
  195  10:50  SCV, Marine  
  195  10:52  Marine  
  195  10:53  Barracks Tech Lab  
  195  10:54  Barracks Tech Lab  
  192  10:58  Marine x3  
  192  10:59  Marine x4  
  192  11:03  Marine  
Tags
 
Add a new tag
Caveats
  • Supply blocks, unpowered buildings, or Contaminate may cause inaccurate times.
  • Supply counts are checked every 10 seconds.